 Dungeon Crawl Stone Soup version 0.28-a0-984-g3775c662fe (webtiles) character file.

Game seed: 15108124681190847481

165057 sanka the Severer (level 17, -1/149 HPs)
             Began as a Palentonga Abyssal Knight on Dec 3, 2021.
             Was the Champion of Lugonu.
             Slain by Arachne (10 damage)
             ... on level 3 of the Spider Nest.
             The game lasted 01:15:56 (31482 turns).

sanka the Severer (Palentonga Abyssal Knight)      Turns: 31482, Time: 01:15:57

Health: -1/149     AC: 47    Str: 22    XL:     17   Next: 27%
Magic:  23/23      EV: 12    Int: 14    God:    Lugonu [******]
Gold:   792        SH: 23    Dex: 22    Spells: 16/16 levels left

rFire   . . .      SeeInvis +   a - +6 broad axe (distort)
rCold   + + .      Faith    .   n - +2 tower shield
rNeg    . . .      Spirit   .   V - +10 chain mail "Zaqes" {*Slow rC++ Int+4 Dex+3}
rPois   .          Reflect  .   Q - +0 helmet
rElec   .          Harm     .   h - +2 cloak {Will+}
rCorr   .          Rampage  .   s - +2 pair of gloves {Dex+3}
Will    ++...                   c - +4 barding {Fly}
Stlth   ..........              D - amulet of regeneration
HPRegen 1.14/turn               f - +4 ring of protection
MPRegen 0.18/turn               U - +4 ring of evasion

@: lethally poisoned (-1 -> -2), flying, curled up
A: large, rugged brown scales 3, see invisible, deformed body, roll 1, armoured
tail, reflexive curl, agile 1, mutation resistance 1
a: Rolling Charge, Renounce Religion, Depart the Abyss, Bend Space, Banish,
Corrupt, Enter the Abyss


You were on level 3 of the Spider Nest.
You worshipped Lugonu.
Lugonu was exalted by your worship.
You visited 4 branches of the dungeon, and saw 27 of its levels.
You visited the Abyss 1 time.
You also visited: Ice Cave.

You collected 3721 gold pieces.
You spent 2929 gold pieces at shops.


Innate Abilities, Weirdness & Mutations

You are completely covered in rugged brown scales. (AC +3, +7% HP)
You have supernaturally acute eyesight. (SInv)
Armour fits poorly on your strangely shaped body.
You can roll at nearby foes to attack.
You have a long armoured tail.
You curl defensively after being hit. (AC +7*)
You are agile. (Dex +2)
You are somewhat resistant to further mutation.


   Skills:
 + Level 14.7 Fighting
 - Level 18.0 Axes
 + Level 7.3 Armour
 + Level 7.0 Dodging
 - Level 15.0 Shields
 - Level 8.7 Invocations


You had 16 spell levels left.
You didn't know any spells.
Your spell library contained the following spells:

 Spells                   Type           Power      Damage    Failure   Level
 Animate Skeleton         Necr           0%         N/A       90%         1
 Beastly Appendage        Tmut           0%         N/A       90%         1
 Pain                     Necr           0%         1d4       90%         1
 Slow                     Hex            0%         N/A       90%         1
 Sting                    Tmut/Pois      0%         1d3       90%         1
 Summon Small Mammal      Summ           0%         N/A       90%         1
 Ensorcelled Hibernation  Hex/Ice        0%         N/A       97%         2
 Poisonous Vapours        Pois/Air       0%         N/A       97%         2
 Scorch                   Fire           0%         2d5       97%         2
 Sublimation of Blood     Necr           0%         N/A       97%         2
 Wereblood                Tmut           0%         N/A       97%         2
 Call Canine Familiar     Summ           0%         N/A       99%         3
 Confusing Touch          Hex            0%         N/A       99%         3
 Ignite Poison            Fire/Tmut/Pois 0%         N/A       99%         3
 Inner Flame              Hex/Fire       0%         N/A       99%         3
 Mephitic Cloud           Conj/Pois/Air  0%         N/A       99%         3
 Ozocubu's Armour         Ice            0%         N/A       99%         3
 Spider Form              Tmut/Pois      0%         N/A       99%         3
 Summon Guardian Golem    Hex/Summ       0%         N/A       99%         3
 Vampiric Draining        Necr           0%         2d6       99%         3
 Animate Armour           Summ/Erth      0%         N/A       100%        4
 Animate Dead             Necr           0%         N/A       100%        4
 Cause Fear               Hex            0%         N/A       100%        4
 Fulminant Prism          Conj/Hex       0%         3d6       100%        4
 Hailstorm                Conj/Ice       0%         3d3       100%        4
 Ice Form                 Ice/Tmut       0%         N/A       100%        4
 Iskenderun's Mystic Bla  Conj/Tloc      0%         2d3       100%        4
 Olgreb's Toxic Radiance  Pois           0%         N/A       100%        4
 Petrify                  Tmut/Erth      0%         N/A       100%        4
 Summon Ice Beast         Ice/Summ       0%         N/A       100%        4
 Borgnjor's Vile Clutch   Necr/Erth      0%         N/A       100%        5
 Fireball                 Conj/Fire      0%         3d3       100%        5
 Freezing Cloud           Conj/Ice/Air   0%         6-21      100%        5
 Irradiate                Conj/Tmut      0%         3d13      100%        5
 Lee's Rapid Deconstruct  Erth           0%         3d5*      100%        5
 Metabolic Englaciation   Hex/Ice        0%         N/A       100%        5
 Conjure Ball Lightning   Conj/Air       0%         3x3d6     100%        6
 Death Channel            Necr           0%         N/A       100%        6
 Eringya's Noxious Bog    Tmut/Pois      0%         N/A       100%        6
 Simulacrum               Ice/Necr       0%         N/A       100%        6
 Discord                  Hex            0%         N/A       100%        8
 Disjunction              Tloc           0%         N/A       100%        8
 Polar Vortex             Ice            0%         N/A       100%        9

Inventory:

Hand Weapons
 a - a +6 broad axe of distortion (weapon)
 b - a +3 war axe of flaming
Missiles
 r - 2 throwing nets {=f}
 W - a curare-tipped dart {=f}
Armour
 c - a +4 barding of flying (worn)
 h - a +2 cloak of willpower (worn)
 n - a +2 tower shield (worn)
 s - a +2 pair of gloves of dexterity (worn)
 Q - a +0 helmet (worn)
 V - the +10 chain mail "Zaqes" (worn) {*Slow rC++ Int+4 Dex+3}

   Int:       It affects your intelligence (+4).
   Dex:       It affects your dexterity (+3).
   rC:        It greatly protects you from cold.
   *Slow:     It may slow you when you take damage.
Magical Staves
 J - a staff of fire
Jewellery
 d - a ring of protection from fire
 f - a +4 ring of protection (left hand)
 i - a ring of willpower
 j - a ring of resist corrosion
 z - a ring of protection from cold
 D - an amulet of regeneration (around neck)
 U - a +4 ring of evasion (right hand)
Wands
 e - a wand of mindburst (12)
 l - a wand of iceblast (40)
 v - a wand of digging (12)
 y - a wand of polymorph (24)
 K - a wand of flame (29)
 S - a wand of paralysis (6)
 X - a wand of acid (9)
Scrolls
 o - 2 scrolls of holy word
 p - 4 scrolls of fear
 q - 5 scrolls of magic mapping
 u - 5 scrolls of teleportation {@r4}
 w - 2 scrolls of amnesia
 E - 3 scrolls of blinking
 G - a scroll of identify {@r1}
 I - 3 scrolls of vulnerability {!r}
 P - 4 scrolls of fog
Potions
 g - 2 potions of curing {@q1}
 k - 4 potions of resistance {unknown}
 m - 4 potions of lignification {unknown}
 t - 2 potions of might
 x - 2 potions of magic {unknown}
 A - 7 potions of mutation {!q}
 B - a potion of brilliance
 C - 3 potions of haste {unknown}
 F - 5 potions of ambrosia
 L - a potion of cancellation {unknown}
 M - 3 potions of degeneration {unknown}
 O - 2 potions of berserk rage {unknown}
Miscellaneous
 N - a phantom mirror
 T - a tin of tremorstones (2/2)

Dungeon Overview and Level Annotations

Branches:
Dungeon (15/15)            Temple (0/1) D:6            Lair (6/6) D:11
 Shoals (0/4) Lair:2       Spider (4/4) Lair:4        Slime (0/5) Lair:5
    Orc (2/2) D:11            Elf (0/3) Orc:2        Vaults (0/5) D:14
 Depths (0/4) D:15          IceCv (visited)

Altars:
Cheibriados
Trog
Beogh
Jiyva

Shops:
D:3 (   D:7 *   D:12 *   Orc:2 =(*[=

Annotations:
Lair:1 3 runed translucent doors, Ragg's ghost, journeyman VSFi
Lair:2 1 runed translucent door, Nologisch's ghost, journeyman TrMo
Lair:6 3 runed translucent doors, vurker's ghost, journeyman TeNe
Spider:3 Arachne
Orc:1 1 runed translucent door, rikuthemoon's ghost, journeyman TrMo
Abyss:1 Roxanne; Rupert

▒.▒▒....▒.....
▒▒▒▒▒▒▒▒▒▒........▒...
▒▒.▒...▒▒....▒.........
▒....▒..▒..............
▒▒▒..[.....▒.^▒........▒.
▒▒...▒......<)..▒......^▒.
▒▒.........>........^......
▒........▒..(............^.
▒▒....▒...HH§....▒..........
▒▒.).........................
▒▒.....▒................▒.....
▒>....▒....▒..▒...............
▒▒..........▒............▒....
▒.▒....................).....
▒▒..▒^............^..........
▒................▒..........
▒▒..▒...▒.▒................<


You could see Arachne.


Message History

The bolt of poison hits you!
You are more poisoned.
* * * LOW HITPOINT WARNING * * *
You slash Arachne!
Arachne is moderately wounded.
Arachne blinks!
You feel very sick.
You feel very sick.
Unknown command.
You feel very sick. Arachne casts a spell at you. The bolt of poison hits you!
You are more poisoned.
* * * LOW HITPOINT WARNING * * *
Arachne stares at you and mumbles some strange words.
The poison arrow hits you!
You are lethally poisoned!
* * * LOW HITPOINT WARNING * * *
Unknown command.
You roll forward with a clatter of scales!
You completely miss Arachne. You tail-slap Arachne.
Arachne is moderately wounded.
Arachne hits you with a staff of poison!
* * * LOW HITPOINT WARNING * * *
Arachne envenoms you.
* * * LOW HITPOINT WARNING * * *
You are poisoned.
Arachne hits you with a staff of poison!
You die...

Action                   |  1- 3 |  4- 6 |  7- 9 | 10-12 | 13-15 | 16-18 || total
-------------------------+-------+-------+-------+-------+-------+-------++-------
Melee: Hand axe          |   110 |   202 |   346 |    76 |       |       ||   734
       Tailslap          |    12 |    26 |    61 |   127 |   292 |    91 ||   609
       War axe           |       |       |       |   733 |  1121 |       ||  1854
       Broad axe         |       |       |       |       |   334 |   484 ||   818
Throw: Dart              |       |       |       |       |     2 |       ||     2
Invok: Banish            |       |       |     6 |    12 |     2 |       ||    20
       Brand Weapon With |       |       |       |       |     1 |       ||     1
 Abil: Rolling Charge    |       |     7 |     6 |    29 |    37 |    56 ||   135
Evoke: Wand              |       |       |     3 |     3 |       |       ||     6
  Use: Potion            |       |       |     1 |     2 |     3 |     3 ||     9
       Scroll            |       |       |     3 |     4 |    10 |    13 ||    30
Armor: Leather armour    |    76 |   144 |   265 |   151 |       |       ||   636
       Ring mail         |       |       |       |   193 |   290 |       ||   483
       Chain mail        |       |       |       |       |   129 |   220 ||   349
Dodge: Dodged            |    39 |    63 |    82 |   161 |   224 |   111 ||   680
Block: Kite shield       |       |    52 |   175 |    42 |       |       ||   269
       Tower shield      |       |       |     7 |   726 |  1134 |   461 ||  2328

Levels and vault maps discovered:
D:1:      wander_arrival_estate, layout_basic
D:2:      minmay_alternating_diamond, layout_rooms,
          shapermc_ecumenical_altar_totnotflames
D:3:      layout_rooms, serial_shops, nicolae_shop_statue_plus,
          grunt_ministairs_4
D:4:      layout_cave_pods, serial_column_ruins, column_ruins_hut,
          column_ruins_hut, column_ruins_open_tiny, column_ruins_open_large,
          column_ruins_corridor_plus, column_ruins_columns_dead_end,
          minmay_surrounded
D:5:      layout_basic, minivault_4, nrook_mini_backslash
D:6:      layout_cave_pools, minmay_temple_entry_metal_lava
D:7:      layout_gridville, general_overflow_altar, serial_shops,
          nicolae_shop_trees
D:8:      minmay_tri_box, layout_basic, kennysheep_generic_room_14, uniq_pikel
D:9:      layout_roguey, serial_bayou_lake_a, uniq_maurice
D:10:     layout_roguey, nicolae_underground_beach
D:11:     layout_gridville, erik_lair_island, orc_0_dummy,
          roderic_cross_of_infinity, roderic_serpentine_path, grunt_ministairs_8
D:12:     layout_basic, serial_shops, nicolae_diamond_shop
D:13:     layout_loops_cross, chei_slow_surprise
D:14:     layout_basic, grunt_vaults_entry_fortified,
          portal_ice_cave_entry_ugly_swarm, chequers_mini_garden
D:15:     gammafunk_enter_depths_forms, layout_cave_pools, chequers_garden,
          uniq_kirke, uniq_rupert, uniq_roxanne
Lair:1:   layout_misc_corridors, gammafunk_ghost_ooze
Lair:2:   layout_misc_corridors, elwin_shoals_entry_rocks,
          gammafunk_ghost_grave, minmay_stone_trees_small, st_stairs_13,
          grunt_megastairs_3, lemuel_fruit_fields, infiniplex_staircase_pool_2,
          uniq_sonja, uniq_urug, uniq_maggie
Lair:3:   layout_small_grid, lemuel_old_faithful, uniq_nergalle
Lair:4:   layout_long_grid, spider_nest_entry_webs, special_room
          [special_room_bee], lemuel_fruit_tree
Lair:5:   layout_gridlike, slime_altar_1, nicolae_quartered_pool_little,
          grunt_forest_large_clearing_hut
Lair:6:   due_jungle_book, layout_regular_city, serial_rivers,
          chequers_serial_rivers_micro_c, chequers_serial_rivers_small_b,
          chequers_serial_rivers_micro_d, chequers_serial_rivers_micro_e,
          gammafunk_ghost_necromancy, kennysheep_snail_temple
Spider:1: layout_spider_delve
Spider:2: layout_spider_delve, nicolae_spider_cling_halls,
          hangedman_spider_tarantella_strand
Spider:3: layout_spider_delve
Spider:4: grunt_spider_rune_circles, uniq_aizul, uniq_bai_suzhen, uniq_arachne
Orc:1:    layout_caves, gammafunk_ghost_grave, basic_altar
Orc:2:    st_orc_congregation, layout_diamond_mine, basic_altar, serial_shops,
          nicolae_shop_hallway_plus, mines2_david

Notes
Turn   | Place    | Note
-------+----------+-------------------------------------------
     0 | Abyss:1  | sanka the Palentonga Abyssal Knight began the quest for the
                  | Orb.
     0 | Abyss:1  | Reached XP level 1. HP: 19/19 MP: 2/2
    24 | D:1      | Escaped the Abyss
   251 | D:1      | Reached XP level 2. HP: 21/25 MP: 3/3
   363 | D:1      | Reached skill level 3 in Axes
   437 | D:1      | Reached ** piety under Lugonu
   880 | D:1      | Reached XP level 3. HP: 31/31 MP: 4/4
  1412 | D:2      | You are sucked into a shaft and drop 1 floor!
  1432 | D:3      | Reached skill level 4 in Axes
  1530 | D:3      | Reached XP level 4. HP: 36/37 MP: 5/5
  1789 | D:2      | Reached *** piety under Lugonu
  1898 | D:2      | Reached skill level 5 in Axes
  2119 | D:2      | Found a faded altar of an unknown god.
  2251 | D:3      | Reached XP level 5. HP: 43/43 MP: 6/6
  2687 | D:3      | Found Kaeguth's Antique Weapon Shop.
  2714 | D:3      | Reached skill level 3 in Invocations
  3017 | D:4      | Noticed a steam dragon
  3036 | D:4      | Killed a steam dragon
  3036 | D:4      | Identified +0 steam dragon scales
  3037 | D:4      | Reached skill level 5 in Invocations
  3037 | D:4      | Reached XP level 6. HP: 16/50 MP: 7/9
  3629 | D:4      | Reached skill level 6 in Invocations
  3823 | D:4      | Gained mutation: You curl defensively after being hit. (AC
                  | +7*) [Palentonga growth]
  3823 | D:4      | Reached XP level 7. HP: 54/55 MP: 11/11
  4002 | D:4      | Reached **** piety under Lugonu
  4060 | D:4      | Reached skill level 7 in Invocations
  4088 | D:4      | Reached skill level 8 in Invocations
  4740 | D:5      | Entered Level 5 of the Dungeon
  4941 | D:5      | Reached skill level 1 in Shields
  5383 | D:5      | Reached XP level 8. HP: 61/62 MP: 14/14
  5567 | D:5      | Noticed a two-headed ogre
  5569 | D:5      | Banished a two-headed ogre
  5570 | D:5      | Reached skill level 7 in Axes
  5570 | D:5      | Reached skill level 3 in Shields
  5717 | D:6      | Reached skill level 4 in Shields
  6078 | D:6      | Reached XP level 9. HP: 35/67 MP: 15/15
  6376 | D:6      | Reached skill level 8 in Axes
  6502 | D:6      | Found a staircase to the Ecumenical Temple.
  6694 | D:7      | Reached skill level 5 in Shields
  7112 | D:7      | Found Qeutea's Assorted Antiques.
  7179 | D:7      | Found a bloodstained altar of Trog.
  7583 | D:7      | Reached skill level 6 in Shields
  7722 | D:8      | Noticed a boulder beetle
  7723 | D:8      | Banished a boulder beetle
  7724 | D:8      | Reached skill level 7 in Shields
  7940 | D:8      | Noticed a skeletal warrior
  7990 | D:8      | Banished a skeletal warrior
  7991 | D:8      | Reached skill level 8 in Shields
  7991 | D:8      | Reached XP level 10. HP: 74/74 MP: 8/16
  8143 | D:8      | Noticed a cyclops
  8195 | D:8      | Killed a cyclops
  8427 | D:8      | Noticed a two-headed ogre
  8428 | D:8      | Banished a two-headed ogre
  8429 | D:8      | Reached skill level 9 in Shields
  8429 | D:8      | Reached skill level 4 in Fighting
  8623 | D:8      | Reached skill level 5 in Fighting
  8876 | D:8      | Reached skill level 6 in Fighting
  9100 | D:8      | Noticed a centaur warrior
  9112 | D:8      | Noticed Pikel
  9113 | D:8      | Killed a centaur warrior
  9246 | D:8      | Noticed a cyclops
  9511 | D:8      | Reached skill level 7 in Fighting
  9556 | D:8      | Found the +4 robe of Folly {Brilliance Will-∞ Int+8}
  9857 | D:9      | Reached XP level 11. HP: 52/89 MP: 17/17
 10240 | D:9      | Reached skill level 9 in Axes
 10458 | D:9      | Noticed Maurice
 10474 | D:9      | Killed Maurice
 10786 | D:10     | Entered Level 10 of the Dungeon
 10920 | D:10     | Noticed a two-headed ogre
 10934 | D:10     | Killed a two-headed ogre
 11000 | D:10     | Reached skill level 8 in Fighting
 11000 | D:10     | Reached skill level 10 in Shields
 11384 | D:10     | Reached skill level 10 in Axes
 11692 | D:11     | Found a staircase to the Orcish Mines.
 11753 | D:11     | Noticed a death knight
 11757 | D:11     | Banished a death knight
 11816 | D:11     | Reached skill level 9 in Fighting
 11915 | D:11     | Found a staircase to the Lair.
 11918 | D:11     | Noticed a phantasmal warrior
 11940 | D:11     | Killed a phantasmal warrior
 12051 | D:11     | Reached XP level 12. HP: 101/101 MP: 18/18
 12532 | D:11     | Reached skill level 11 in Axes
 12715 | Lair:1   | Entered Level 1 of the Lair of Beasts
 12724 | Lair:1   | Reached skill level 11 in Shields
 12848 | Lair:1   | Reached skill level 10 in Fighting
 12981 | Lair:1   | Reached ***** piety under Lugonu
 13339 | Lair:1   | Found a runed translucent gate.
 13339 | Lair:1   | Found a runed translucent gate.
 13339 | Lair:1   | Found a runed translucent gate.
 13342 | Lair:1   | Noticed Ragg's ghost (journeyman VSFi)
 13474 | Lair:1   | Found a viscous altar of Jiyva.
 13682 | Lair:2   | You are sucked into a shaft and drop 2 floors!
 13724 | Lair:4   | Identified the +2 long sword of Fixation {freeze, rPois rF+
                  | Str+2}
 13728 | Lair:4   | Found a hole to the Spider Nest.
 14245 | Lair:3   | HP: 9/105 [poisoned by a killer bee]
 14246 | Lair:3   | HP: 4/105 [killer bee (4)]
 14399 | Lair:4   | Reached skill level 12 in Axes
 14605 | Lair:4   | Reached skill level 11 in Fighting
 14822 | Lair:3   | Noticed Nergalle
 14842 | Lair:4   | Killed Nergalle
 14843 | Lair:4   | Reached XP level 13. HP: 80/109 MP: 19/19
 15318 | Lair:3   | Reached skill level 12 in Shields
 16062 | Lair:2   | Identified +0 steam dragon scales
 16062 | Lair:2   | Noticed Maggie
 16070 | Lair:2   | Killed Maggie
 16107 | Lair:2   | Found a staircase to the Shoals.
 16113 | Lair:2   | Noticed Sonja
 16115 | Lair:2   | Identified +0 steam dragon scales
 16140 | Lair:2   | Noticed Urug
 16163 | Lair:3   | HP: 4/113 [komodo dragon (20)]
 16262 | Lair:3   | Killed Urug
 16287 | Lair:2   | Killed Sonja
 16802 | Lair:2   | Found a runed translucent door.
 16802 | Lair:2   | Noticed Nologisch's ghost (journeyman TrMo)
 17285 | Lair:4   | Reached skill level 12 in Fighting
 17285 | Lair:4   | Reached skill level 13 in Axes
 17734 | Lair:5   | Found a staircase to the Slime Pits.
 17734 | Lair:5   | Found a viscous altar of Jiyva.
 18122 | Lair:6   | Entered Level 6 of the Lair of Beasts
 18223 | Lair:6   | Reached skill level 13 in Shields
 18406 | Lair:6   | Reached XP level 14. HP: 123/123 MP: 20/20
 18436 | Lair:6   | Reached skill level 14 in Axes
 18711 | Lair:6   | Found a runed translucent gate.
 18716 | Lair:6   | Found a runed translucent gate.
 18717 | Lair:6   | Found a runed translucent gate.
 18930 | Lair:6   | Found a snail-covered altar of Cheibriados.
 18955 | Lair:6   | Reached ****** piety under Lugonu
 19248 | Lair:6   | Noticed vurker's ghost (journeyman TeNe)
 19744 | Lair:6   | Got Acullas's Collected Works on the Blaze and the
                  | Entourage
 19990 | Lair:6   | Reached skill level 15 in Axes
 20116 | Lair:6   | Reached skill level 14 in Shields
 20938 | Lair:6   | Found a snail-covered altar of Cheibriados.
 21683 | D:8      | Killed Pikel
 21757 | Orc:1    | Entered Level 1 of the Orcish Mines
 22129 | Orc:1    | Found a runed translucent door.
 22130 | Orc:1    | Noticed rikuthemoon's ghost (journeyman TrMo)
 22310 | Orc:2    | Entered Level 2 of the Orcish Mines
 22444 | Orc:2    | Found a staircase to the Elven Halls.
 22481 | Orc:2    | Found Kuzau's Jewellery Shoppe.
 22962 | Orc:2    | Noticed an orc warlord
 22988 | Orc:2    | Killed an orc warlord
 23291 | Orc:2    | Found Imotug's General Store.
 23291 | Orc:2    | Found Roiga's Jewellery Boutique.
 23293 | Orc:2    | Found Tucoq's Antique Armour Shop.
 23293 | Orc:2    | Found Cimmyego's Antique Weapon Shop.
 23494 | Orc:2    | Bought a faintly humming chain mail for 294 gold pieces
 23494 | Orc:2    | Identified the +10 chain mail "Zaqes" {*Slow rC++ Int+4
                  | Dex+3} (You bought it in a shop on level 2 of the Orcish
                  | Mines)
 23648 | D:12     | Reached XP level 15. HP: 120/129 MP: 21/21
 23735 | D:12     | Found Nuudilif's Assorted Antiques.
 23874 | D:12     | Identified a +4 broad axe of distortion (a +2 broad axe
                  | corrupted by Lugonu)
 23874 | D:12     | Received a gift from Lugonu
 24064 | D:12     | Reached skill level 2 in Armour
 25032 | D:13     | Reached skill level 16 in Axes
 25616 | D:13     | Found a snail-covered altar of Cheibriados.
 25866 | D:14     | Reached skill level 17 in Axes
 26027 | D:14     | Found a frozen archway.
 26061 | IceCv    | Entered an ice cave
 26173 | IceCv    | Reached skill level 18 in Axes
 26179 | IceCv    | Reached skill level 1 in Dodging
 26456 | IceCv    | Reached skill level 2 in Dodging
 26461 | IceCv    | Reached skill level 3 in Armour
 26535 | IceCv    | Noticed a shard shrike
 26547 | IceCv    | Gained mutation: You are agile. (Dex +2) [potion of
                  | mutation]
 26547 | IceCv    | Gained mutation: You are somewhat resistant to further
                  | mutation. [potion of mutation]
 26552 | IceCv    | Banished a shard shrike
 26553 | IceCv    | Reached XP level 16. HP: 33/138 MP: 17/22
 26553 | IceCv    | HP: 7/138 [ironbound frostheart/creeping frost (27)]
 26859 | IceCv    | Identified a +0 crystal plate armour of cold resistance
 26868 | IceCv    | Identified a +3 leather armour of resistance
 27632 | D:14     | Reached skill level 3 in Dodging
 27890 | D:14     | Reached skill level 4 in Armour
 27897 | D:14     | Reached skill level 13 in Fighting
 27944 | D:14     | Found a gate to the Vaults.
 28108 | D:15     | Entered Level 15 of the Dungeon
 28129 | D:15     | Reached skill level 15 in Shields
 28188 | D:15     | Noticed Roxanne
 28193 | D:15     | Banished Roxanne
 28194 | D:15     | Reached skill level 4 in Dodging
 28194 | D:15     | Noticed Rupert
 28200 | D:15     | Banished Rupert
 28289 | D:15     | Noticed Kirke
 28332 | D:15     | Killed Kirke
 28423 | D:15     | Identified the +8 scimitar of Uhaoxoq {drain, rCorr Str+7
                  | Int+2 SInv}
 28537 | D:15     | Reached skill level 5 in Armour
 28592 | D:15     | Found a staircase to the Depths.
 28734 | D:15     | Identified the +2 leather armour of Baomnili {Dex+2}
 28926 | Spider:1 | Entered Level 1 of the Spider Nest
 28964 | Spider:1 | Reached skill level 5 in Dodging
 29109 | Spider:1 | Reached skill level 6 in Armour
 29142 | Spider:1 | Reached skill level 14 in Fighting
 29503 | Spider:2 | Reached skill level 6 in Dodging
 29575 | Spider:2 | Identified the +11 trident of Exquisite Death {speed,
                  | Int+2}
 30315 | Spider:3 | Reached XP level 17. HP: 148/148 MP: 23/23
 30514 | Spider:3 | Reached skill level 7 in Armour
 30655 | Spider:3 | Identified a scroll of acquirement
 30656 | Spider:3 | Acquired 1332 gold pieces
 30898 | Orc:2    | Bought bloodstained shadow dragon scales for 2635 gold
                  | pieces
 30898 | Orc:2    | Identified the +0 shadow dragon scales of Cloud Cover
                  | {*Slow rElec rC+ Stlth++++} (You bought it in a shop on
                  | level 2 of the Orcish Mines)
 31158 | Spider:3 | Identified the +8 long sword of the Many Continents {pain,
                  | rN+ Str+2}
 31196 | Spider:3 | Got the Compendium of Blistering Contamination
 31400 | Spider:4 | Entered Level 4 of the Spider Nest
 31419 | Spider:4 | Reached skill level 7 in Dodging
 31463 | Spider:4 | Noticed Arachne
 31482 | Spider:3 | HP: 9/149 [Arachne (6)]
 31482 | Spider:3 | Slain by Arachne

Vanquished Creatures
  Kirke (D:15)
  A ghost moth (Spider:2)
  An orc warlord (Orc:2)
  3 emperor scorpions
  2 very ugly things
  4 dire elephants
  A white draconian (IceCv)
  A spark wasp (Spider:3)
  A great orb of eyes (D:15)
  A rakshasa (D:13)
  4 vault guards (D:14)
  3 boulder beetles (D:14)
  A catoblepas (Lair:5)
  5 hydras
  3 centaur warriors
  4 ironbound frosthearts (IceCv)
  A two-headed ogre (D:10)
  7 death yaks
  Urug (Lair:3)
  4 orc high priests (Orc:2)
  3 tengu warriors
  A deep elf knight (D:14)
  Nergalle (Lair:4)
  Sonja (Lair:2)
  A fire crab (Lair:5)
  4 skeletal warriors (D:15)
  2 spectral death yaks (Lair:6)
  A spectral anaconda (Lair:6)
  An obsidian statue (Lair:6)
  A phantasmal warrior (D:11)
  4 necromancers (Lair:6)
  Pikel (D:8)
  4 orc knights
  An orange crystal statue (IceCv)
  3 harpies (D:14)
  4 deep elf pyromancers
  10 orb spiders
  15 wolf spiders
  2 manticores
  4 orc sorcerers
  23 ugly things
  5 cyclopes
  A moth of wrath (Spider:4)
  14 elephants
  7 black mambas
  8 torpor snails
  3 gargoyles
  11 cane toads
  23 rime drakes
  2 unseen horrors
  9 komodo dragons
  A yaktaur (D:14)
  Maggie (Lair:2)
  10 demonic crawlers
  A freezing wraith (D:11)
  An efreet (D:14)
  A tengu conjurer (D:14)
  2 queen bees (shapeshifter)
  12 jumping spiders
  9 polar bears
  4 meliai
  A queen bee (Lair:4)
  6 trolls
  A wind drake (shapeshifter) (D:15)
  17 slime creatures
  A spectral elephant (Lair:6)
  4 hornets
  A meliai zombie (D:10)
  5 dream sheep (Lair:6)
  A spriggan (Lair:5)
  38 redbacks
  7 water elementals
  2 wyverns
  18 tarantellas
  A wraith (D:11)
  61 yaks
  5 hogs (D:15)
  5 basilisks
  A human (D:14)
  A hog (shapeshifter) (D:15)
  2 steam dragons
  3 vampire mosquitoes (D:14)
  2 spectral cane toads (Lair:6)
  2 wargs (D:11)
  An acid dragon (D:13)
  17 water moccasins
  A floating eye (shapeshifter) (D:15)
  An elephant zombie (Lair:6)
  26 orc warriors
  A black bear (D:6)
  A necrophage (D:6)
  3 ogres
  11 wolves
  9 centaurs
  An elephant skeleton (Lair:6)
  3 lemures
  2 phantoms (D:4)
  A gnoll sergeant (D:9)
  18 bullfrogs
  2 scorpions
  A water moccasin zombie (D:6)
  19 killer bees
  9 electric eels
  8 wights
  2 howler monkeys (D:7)
  6 hounds
  A bullfrog skeleton (D:7)
  5 centaur zombies
  2 jellies
  3 centaur skeletons
  16 orc priests
  A gnoll shaman (D:8)
  5 iguanas
  A scorpion zombie (D:5)
  27 orc wizards
  7 hell rats (Lair:6)
  A killer bee zombie (D:6)
  9 adders
  17 gnolls
  A white imp (D:8)
  An adder skeleton (D:4)
  4 worms
  5 dart slugs
  76 orcs
  10 bats
  9 endoplasms
  6 giant cockroaches
  9 goblins
  13 hobgoblins
  11 jackals
  5 quokkas
  10 ball pythons
  5 frilled lizards
  6 kobolds
  11 rats
866 creatures vanquished.

Vanquished Creatures (others)
  A wolf spider (Spider:3)
  Maurice (D:9)
  A jumping spider (Spider:4)
  2 tarantellas (Spider:3)
  An orc wizard (D:6)
  A hound skeleton (D:4)
  A bush (Lair:2)
  36 fungi
  57 plants
  18 withered plants
119 creatures vanquished.

Grand Total: 985 creatures vanquished
